 Dungeon Crawl Stone Soup version 0.31.0-7-gf635a9b802 (webtiles) character file.

Game seed: 10130466180305979769

80 Esekla the Conjurer (level 4, -13/24 HPs)
             Began as a Tengu Conjurer on Jan 23, 2024.
             Killed from afar by an oklob sapling (37 damage)
             ... with a splash of acid
             ... on level 4 of the Dungeon.
             The game lasted 00:10:33 (1092 turns).

Esekla the Conjurer (Tengu Conjurer)                Turns: 1092, Time: 00:10:33

Health: -13/24     AC:  2    Str:  7    XL:     4   Next: 39%
Magic:  0/8        EV: 27    Int: 20    God:
Gold:   90         SH:  0    Dex: 13    Spells: 4/7 levels left

rFire   . . .        a - +2 long sword (elec)
rCold   . . .        (no shield)
rNeg    . . .        m - +0 robe
rPois   .            (helmet restricted)
rElec   .            (no cloak)
rCorr   .            (no gloves)
SInv    +            (boots unavailable)
Will    +....        (no amulet)
Stlth   ++           d - ring of see invisible
HPRegen 0.24/turn    l - ring of willpower
MPRegen 0.11/turn

%: acrobat
@: acrobatic
A: beak, talons 3, acrobatic
a: no special abilities


You were on level 4 of the Dungeon.
You visited 1 branch of the dungeon, and saw 4 of its levels.

You collected 90 gold pieces.

Inventory:

Hand Weapons
 a - a +2 long sword of electrocution (weapon)
 e - a +0 dagger of electrocution
 r - a +0 spear
 s - a +3 dagger of venom
Missiles
 c - 4 poisoned darts (quivered)
Armour
 m - a +0 robe (worn)
Jewellery
 d - a ring of see invisible (left hand)
 l - a ring of willpower (right hand)
Scrolls
 f - a scroll of vulnerability {unknown}
 g - 2 scrolls of identify {unknown}
 i - a scroll of enchant armour {unknown}
 j - a scroll of butterflies {unknown}
Potions
 b - a potion of magic
 h - a potion of brilliance {unknown}
 k - a potion of haste {unknown}
 n - a potion of invisibility {unknown}


   Skills:
 + Level 1.0(1.1) Short Blades
 * Level 0.3(0.8) Long Blades
 * Level 3.0 Dodging
 + Level 2.0 Stealth
 * Level 2.4 Spellcasting
 + Level 6.3 Conjurations
 * Level 0.3 Translocations


You had 4 spell levels left.
You knew the following spells:

 Your Spells              Type           Power      Damage    Failure   Level
a - Magic Dart            Conj           100%       1d8       1%          1
e - Searing Ray           Conj           54%        2d6       1%          2

Your spell library contained the following spells:

 Spells                   Type           Power      Damage    Failure   Level
 Iskenderun's Mystic Bla  Conj/Tloc      15%        2d5       36%         4
 Fulminant Prism          Conj/Alch      7%         3d7       38%         4


Dungeon Overview and Level Annotations

Branches:
Dungeon (4/15)             Temple (0/1) D:4

Altars:
Gozag
Uskayaw
Xom

Shops:
D:2 [?

Annotations:
D:4 exclusion: oklob sapling


Innate Abilities, Weirdness & Mutations

You have a beak for a mouth.
You have claws for feet.
You can magically evade attacks while moving or waiting.


Message History

The searing ray hits the plant.
The plant begins to die.
The plant is lightly damaged.
The searing ray hits the oklob sapling.
The oklob sapling is lightly damaged. (Press . to maintain the ray.)
The searing ray hits the plant!
The plant is lightly damaged.
The searing ray hits the plant.
The plant is lightly damaged.
The searing ray hits the oklob sapling.
The oklob sapling is lightly damaged.
The searing ray hits the plant!
The plant is lightly damaged.
The searing ray hits the plant.
The plant is lightly damaged.
The searing ray hits the oklob sapling!
The oklob sapling is heavily damaged.
A nearby plant withers and dies.
The searing ray hits the plant!
The plant is lightly damaged.
The searing ray hits the oklob sapling.
The oklob sapling is heavily damaged.
You finish channelling your searing ray.
Casting: Searing Ray (safe; 1% risk of failure)
Confirm with . or Enter, or press ? or * to list all spells.
Aiming: Searing Ray (safe; 1% risk of failure)
Press: ? - help, Shift-Dir - straight line, f/p - oklob sapling
Aim: an oklob sapling (heavily damaged, 100% to hit)
The searing ray hits the plant.
The plant is lightly damaged.
The searing ray hits the oklob sapling!
The oklob sapling is almost destroyed. (Press . to maintain the ray.)
A nearby plant withers and dies.
The searing ray hits the oklob sapling but does no damage.
The oklob sapling is almost destroyed.
The oklob sapling spits acid at you. The splash of acid hits you!!!
Ouch! That really hurt!
You die...

#..PP..P.#
#.P.PPP..#
###PPPP.PP.#
..PPP>.P..
#.P..PP.#
##P.P.P.P#
#...P....# .
...##@..#
....###.##.###
#>...<...#
#####.##.#
#.##.# ..##.#
#####.# ...
#.#


You could see an oklob sapling.

Vanquished Creatures
  A jelly (D:3)
  3 dart slugs
  2 ribbon worms (D:2)
  7 bats
  An endoplasm (D:1)
  A giant cockroach (D:3)
  4 goblins
  3 hobgoblins
  4 quokkas
  6 ball pythons
  2 frilled lizards (D:1)
  4 kobolds
  2 rats
40 creatures vanquished.

Notes
Turn   | Place    | Note
-------+----------+-------------------------------------------
     0 | D:1      | Esekla the Tengu Conjurer began the quest for the Orb.
     0 | D:1      | Reached XP level 1. HP: 10/10 MP: 4/4
    63 | D:2      | Found Juywup's Magic Scroll Shop.
   180 | D:1      | Reached XP level 2. HP: 15/15 MP: 4/6
   187 | D:1      | Learned a level 2 spell: Searing Ray
   437 | D:1      | Reached XP level 3. HP: 17/19 MP: 2/7
   773 | D:2      | Found an opulent altar of Gozag.
   773 | D:2      | Found Bupiusus's Armour Shoppe.
   785 | D:2      | Reached skill level 6 in Conjurations
   928 | D:3      | Found a shimmering altar of Xom.
   965 | D:3      | Reached skill level 1 in Short Blades
   986 | D:3      | Found a hide-covered altar of Uskayaw.
  1029 | D:3      | Reached XP level 4. HP: 24/24 MP: 3/8
  1082 | D:4      | Found a staircase to the Ecumenical Temple.
  1092 | D:4      | Killed from afar by an oklob sapling

Illustrated notes

Levels and vault maps discovered:
D:1:      dreamdust_arrival_beginning_and_end, layout_rooms
D:2:      layout_rooms, basic_altar, serial_shops, shop, shop, shop, shop
D:3:      layout_loops_cross, nicolae_uskayaw_dance_hall,
          mainiacjoe_overflow_small_starburst, uniq_robin
D:4:      layout_loops_corners, minmay_temple_entry_oklob

Skill      XL: |  1  2  3 |
---------------+----------+-----
Conjurations   | 6 |  6.3
Short Blades   | 1 |  1.0
Dodging        | 3 |  3.0
Long Blades    | |  0.3
Stealth        | |  2.0
Spellcasting   | |  2.4
Translocations | |  0.3

Action                     |  1- 3 |  4- 6 || total
---------------------------+-------+-------++-------
  Melee: Dagger            |    24 |       ||    24
         Kick              |     3 |       ||     3
         Peck              |     3 |       ||     3
   Cast: Magic Dart        |    17 |     1 ||    18
         Searing Ray       |    10 |     2 ||    12
   Stab: Sleeping          |     2 |       ||     2
 Armour: Robe              |    18 |     1 ||    19
  Dodge: Dodged            |    35 |       ||    35
